 Dungeon Crawl Stone Soup version 0.31-a0-574-g69dc8cc98e (webtiles) character file.

Game seed: 12497353532253968117

621 javelincjr the Sneak (level 7, -3/41 HPs)
             Began as an Octopode Conjurer on Aug 18, 2023.
             Slain by a kobold brigand
             ... wielding a +0 short sword of venom
              (8 damage)
             ... in a sewer.
             The game lasted 00:07:59 (4176 turns).

javelincjr the Sneak (Octopode Conjurer)            Turns: 4176, Time: 00:07:59

Health: -3/41      AC:  1    Str:  7    XL:     7   Next: 46%
Magic:  4/12       EV: 13    Int: 22    God:
Gold:   152        SH:  0    Dex: 10    Spells: 10/13 levels left

rFire   . . .        g - +4 falchion
rCold   . . .        (no shield)
rNeg    . . .        (helmet restricted)
rPois   .            (no amulet)
rElec   .            (no ring)
rCorr   .            (no ring)
SInv    .            (no ring)
Will    .....        (no ring)
Stlth   ++++         (no ring)
HPRegen 0.26/turn    (no ring)
MPRegen 0.13/turn    (no ring)
                     (no ring)

%: no passive effects
@: lethally poisoned (-3 -> -7)
A: almost no armour, amphibious, 8 rings, camouflage 1, gelatinous body 1,
(nimble swimmer 1), tentacles
a: no special abilities


You were in a sewer.
You visited 1 branch of the dungeon, and saw 4 of its levels.
You also visited: Sewer.

You collected 152 gold pieces.

Inventory:

Hand Weapons
 c - a +0 flail of protection
 g - a +4 falchion (weapon)
Missiles
 p - a curare-tipped dart
Armour
 k - a +0 kite shield
Talismans
 f - a beast talisman
Wands
 o - a wand of mindburst (20)
Scrolls
 b - 2 scrolls of fog {unknown}
 e - 2 scrolls of identify {unknown}
 h - 2 scrolls of blinking {unknown}
 i - 2 scrolls of teleportation {unknown}
 m - a scroll of butterflies {unknown}
Potions
 a - a potion of magic
 d - a potion of berserk rage {unknown}
 j - a potion of invisibility {unknown}
 l - a potion of cancellation {unknown}
 n - a potion of resistance {unknown}


   Skills:
 + Level 3.8 Dodging
 + Level 5.5 Stealth
 + Level 2.2 Shields
 + Level 3.6 Spellcasting
 + Level 5.2 Conjurations
 + Level 2.1 Shapeshifting


You had 10 spell levels left.
You knew the following spells:

 Your Spells              Type           Power      Damage    Failure   Level
a - Magic Dart            Conj           100%       1d8       1%          1
b - Searing Ray           Conj           54%        2d6       1%          2

Your spell library contained the following spells:

 Spells                   Type           Power      Damage    Failure   Level
 Dazzling Flash           Conj/Hex       30%        N/A       12%         3
 Fulminant Prism          Conj/Hex       7%         3d7       36%         4
 Iskenderun's Mystic Bla  Conj/Tloc      15%        2d5       36%         4
 Summon Lightning Spire   Summ/Air       3%         N/A       75%         4
 Lee's Rapid Deconstruct  Erth           1%         3d4*      97%         5
 Animate Armour           Summ/Erth      Unusable   N/A       N/A         4

Dungeon Overview and Level Annotations

Branches:
Dungeon (4/15)              Sewer (1/1)
 Temple: D:4-7

Altars:
Ru

Annotations:
D:2 1 runed translucent door, Crazy Yiuf


Innate Abilities, Weirdness & Mutations

You cannot wear most types of armour.
You are amphibious.
You can wear up to eight rings at the same time.
Your skin changes colour to match your surroundings (Stealth+).
Your rubbery body absorbs attacks. (AC +1, EV +1)
((You are camouflaged when in or above water. (Stealth+)))
You have tentacles for arms and can constrict up to eight enemies at once.


Message History

You feel sick.
The kobold brigand throws a poisoned dart.
The poisoned dart hits you!
You are more poisoned.
The searing ray hits the kobold!
You kill the kobold!
You feel very sick.
The kobold brigand hits you with a +0 club.
You feel sick.
You slash the kobold brigand! Your grab misses the kobold brigand.
Your squeeze misses the kobold brigand.
The kobold brigand is almost dead.
You feel very sick. The kobold brigand closely misses you.
You hit the kobold brigand.
You kill the kobold brigand!
You feel sick.
The kobold brigand hits you with a +0 short sword of venom!
The kobold brigand hits you with a +0 short sword of venom.
* * * LOW HITPOINT WARNING * * *
You are more poisoned.
You closely miss the kobold brigand. You grab the kobold brigand.
You squeeze the kobold brigand, but do no damage.
The kobold brigand is lightly wounded.
You constrict the kobold brigand.
* * * LOW HITPOINT WARNING * * *
You feel very sick. The kobold brigand barely misses you.
You hit the kobold brigand.
You squeeze the kobold brigand, but do no damage.
The kobold brigand is lightly wounded.
You constrict the kobold brigand, but do no damage.
* * * LOW HITPOINT WARNING * * *
You feel very sick. The kobold brigand closely misses you.
You hit the kobold brigand.
The kobold brigand is moderately wounded.
You constrict the kobold brigand.
You feel sick.
The kobold brigand hits you with a +0 short sword of venom!
You die...

≈≈≈≈≈≈≈≈≈≈≈≈≈≈≈≈≈≈≈≈≈≈≈≈≈≈#
≈≈≈≈≈≈≈≈≈≈≈≈≈≈≈≈≈≈≈≈≈≈≈≈≈ #
~.≈≈≈≈≈≈≈≈≈≈≈≈≈≈≈≈≈≈≈≈≈≈≈
....##≈≈≈≈≈≈≈≈≈≈≈≈≈≈≈≈
.....####÷.≈≈≈≈≈≈≈≈≈≈≈
#.....##...~≈≈#######≈
#...........~~# .#!?#
##....†......)#.....#
....####.....@K))).# ...
###...)#....!# # ######
.#!?# # #


You could see a kobold brigand.

Vanquished Creatures
  3 kobold brigands (Sewer)
  A hound (D:4)
  2 orc priests (D:3)
  A sleepcap (D:4)
  Natasha (thrice) (D:2)
  8 adders
  4 river rats (Sewer)
  An ufetubus (D:4)
  A worm (D:2)
  3 dart slugs
  3 orcs (D:3)
  9 endoplasms
  6 giant cockroaches
  6 goblins
  3 hobgoblins
  8 jackals
  13 kobolds
  4 quokkas (D:1)
  6 ball pythons
  8 bats
  3 frilled lizards
  13 rats
109 creatures vanquished.

Notes
Turn   | Place    | Note
-------+----------+-------------------------------------------
     0 | D:1      | javelincjr the Octopode Conjurer began the quest for the
                  | Orb.
     0 | D:1      | Reached XP level 1. HP: 11/11 MP: 3/3
   150 | D:1      | Reached XP level 2. HP: 14/17 MP: 0/5
   528 | D:1      | Reached XP level 3. HP: 21/21 MP: 6/6
  1104 | D:2      | Reached XP level 4. HP: 25/27 MP: 7/7
  1429 | D:2      | Noticed Natasha
  1435 | D:2      | Killed Natasha
  1436 | D:2      | Reached skill level 1 in Shapeshifting
  1436 | D:2      | Reached XP level 5. HP: 31/31 MP: 1/9
  1950 | D:2      | Noticed Natasha
  1955 | D:2      | Killed Natasha
  2087 | D:2      | Found a runed translucent door.
  2088 | D:2      | Noticed Crazy Yiuf
  2418 | D:2      | Learned a level 2 spell: Searing Ray
  2449 | D:2      | Noticed Natasha
  2459 | D:2      | Killed Natasha
  2885 | D:3      | Reached skill level 1 in Shields
  2885 | D:3      | Reached XP level 6. HP: 31/36 MP: 5/10
  3514 | D:4      | Found a sacrificial altar of Ru.
  3608 | D:4      | Found a glowing drain.
  3619 | Sewer    | Entered a sewer
  3732 | Sewer    | Reached skill level 5 in Stealth
  3732 | Sewer    | Reached skill level 5 in Conjurations
  3732 | Sewer    | Reached XP level 7. HP: 21/41 MP: 2/12
  4176 | Sewer    | Slain by a kobold brigand

Illustrated notes

Levels and vault maps discovered:
D:1:      lightli_iron_boxes, layout_loops_ring, minmay_bisected
D:2:      layout_basic, chequers_serial_rivers_marsh, columned_hall_lemuel,
          minmay_between, uniq_natasha, uniq_crazy_yiuf_cottage
D:3:      layout_basic
D:4:      layout_loops_ring, mainiacjoe_overflow_alcove_4,
          nzn_wu_jian_contemplation, bloody_trog, portal_sewer_entry_d
Sewer:    sewer_minmay_treatment

Skill      XL: |  1  2  3  4  5  6  7 |
---------------+----------------------+-----
Stealth        | 3 4 5 |  5.5
Shapeshifting  | 1 2 |  2.1
Dodging        | 3 |  3.8
Spellcasting   | 3 |  3.6
Shields        | 1 2 |  2.2
Conjurations   | 5 |  5.2

Action                     |  1- 3 |  4- 6 |  7- 9 || total
---------------------------+-------+-------+-------++-------
  Melee: Unarmed           |    21 |       |       ||    21
         Tentacles         |    10 |     6 |     3 ||    19
         Constrict         |     8 |     6 |     3 ||    17
         Flail             |     3 |       |       ||     3
         Punch             |     1 |       |       ||     1
         Falchion          |    10 |    46 |    10 ||    66
   Cast: Magic Dart        |    39 |   118 |    36 ||   193
         Searing Ray       |       |     1 |     2 ||     3
   Stab: Sleeping          |     1 |     4 |       ||     5
 Armour: Skin              |     4 |     5 |       ||     9
  Dodge: Dodged            |    23 |    45 |     6 ||    74

Table legend: (Time is in decaauts)
 A = Elapsed time spent in this place.
 B = Non-inter-level travel time spent in this place.
 C = Inter-level travel time spent in this place.
 D = Time resting spent in this place.
 E = Time spent auto-exploring this place.
 F = Levels seen in this place.
 G = Mean time per level.
                   A        B        C        D        E       F      G
               +--------+--------+--------+--------+--------+-----+--------+
         Total |   4194 |   4108 |     86 |    161 |   3407 |   5 |  838.8 |
       Dungeon |   3634 |   3548 |     86 |    161 |   2944 |   4 |  908.5 |
         Sewer |    560 |    560 |      0 |      0 |    463 |   1 |  560.0 |
               +--------+--------+--------+--------+--------+-----+--------+

Top non-repeatable levels by time:
     D:2: 1619 daAuts
     D:1: 983 daAuts
     D:3: 758 daAuts
   Sewer: 560 daAuts
     D:4: 273 daAuts
